 Dungeon Crawl Stone Soup version 0.29-a0-330-g52719c12eb (webtiles) character file.

Game seed: 11198583340922979972

37 kae the Firebug (level 3, 0/20 HPs)
             Began as a Tengu Fire Elementalist on Apr 14, 2022.
             Succumbed to an adder's poison
             ... on level 2 of the Dungeon.
             The game lasted 00:01:39 (1793 turns).

kae the Firebug (Tengu Fire Elementalist)           Turns: 1793, Time: 00:01:39

Health: 0/20       AC:  2    Str:  8    XL:     3   Next: 39%
Magic:  4/7        EV: 12    Int: 17    God:
Gold:   56         SH:  0    Dex: 14    Spells: 0/6 levels left

rFire   . . .      SeeInvis .   h - +0 dagger (holy)
rCold   . . .      Faith    .   (no shield)
rNeg    . . .      Spirit   .   a - +0 robe
rPois   .          Reflect  .   (helmet restricted)
rElec   .          Harm     .   (no cloak)
rCorr   .          Rampage  .   (no gloves)
Will    .....                   (boots unavailable)
Stlth   ++........              (no amulet)
HPRegen 0.06/turn               (no ring)
MPRegen 0.10/turn               (no ring)

@: lethally poisoned (0 -> -10)
A: beak, talons 3
a: no special abilities


You were on level 2 of the Dungeon.
You visited 1 branch of the dungeon, and saw 2 of its levels.

You collected 56 gold pieces.

Inventory:

Hand Weapons
 c - a +0 dagger
 h - a +0 dagger of holy wrath (weapon)
Armour
 a - a +0 robe (worn)
Magical Staves
 i - a staff of death
Jewellery
 k - a +6 ring of dexterity
 p - an amulet of magic regeneration
Scrolls
 e - a scroll of immolation {unknown}
 g - 2 scrolls of blinking {unknown}
 m - a scroll of torment {unknown}
 n - 2 scrolls of identify {unknown}
Potions
 b - a potion of magic
 d - a potion of mutation {unknown}
 f - 2 potions of degeneration {unknown}
 j - 2 potions of flight {unknown}
 l - 2 potions of curing {unknown}
 o - a potion of brilliance {unknown}


   Skills:
 + Level 0.9 Fighting
 + Level 2.5 Dodging
 - Level 2.0 Stealth
 + Level 2.2 Spellcasting
 + Level 2.2 Conjurations
 * Level 3.9 Fire Magic


You couldn't memorise any spells.
You knew the following spells:

 Your Spells              Type           Power      Damage    Failure   Level
a - Foxfire               Conj/Fire      48%        2x1d6     5%          1
b - Scorch                Fire           30%        2d7       6%          2
c - Conjure Flame         Conj/Fire      12%        6-21      16%         3

Your spell library contained the following spells:

 Spells                   Type           Power      Damage    Failure   Level
 Beastly Appendage        Tmut           2%         N/A       19%         1
 Inner Flame              Hex/Fire       8%         N/A       26%         3
 Wereblood                Tmut           1%         N/A       28%         2
 Flame Wave               Conj/Fire      12%        2d6       47%         4
 Spider Form              Tmut/Pois      1%         N/A       50%         3


Dungeon Overview and Level Annotations

Branches:
Dungeon (2/15)

Altars:

Shops:
D:2 (


Innate Abilities, Weirdness & Mutations

You have a beak for a mouth.
You have claws for feet.


Message History

Found a stone staircase leading down.
A frilled lizard, a rat and an adder come into view.
There are monsters nearby!
The adder hisses angrily.
The frilled lizard hisses angrily.
The adder bites you. x2
You are poisoned.
The adder poisons you!
You hit the adder. Your peck misses the adder.
The adder is lightly wounded.
You feel sick. The adder bites you.
You feel sick.
Casting: Foxfire (safe; 5% risk of failure)
Confirm with . or Enter, or press ? or * to list all spells.
You conjure some foxfire!
You feel sick. The adder misses you. The adder closely misses you.
You feel sick.
The foxfire hits the adder but does no damage.
The adder is lightly wounded.
The foxfire hits the adder.
The adder is heavily wounded.
The adder closely misses you.
Casting: Foxfire (safe; 5% risk of failure)
Confirm with . or Enter, or press ? or * to list all spells.
You conjure some foxfire!
You feel sick. The adder bites you.
You are more poisoned.
The adder poisons you!
You feel sick.
The foxfire hits the rat.
The rat is moderately wounded.
The foxfire hits the rat.
You kill the rat!
The adder barely misses you.
Casting: Foxfire (safe; 5% risk of failure)
Confirm with . or Enter, or press ? or * to list all spells.
You conjure some foxfire!
* * * LOW HITPOINT WARNING * * *
You feel sick. The adder closely misses you. The adder bites you.
* * * LOW HITPOINT WARNING * * *
You are more poisoned.
The adder poisons you!
You die...

# ###.....###...#
#...### ######...#####
#...###.### .......###
#.......# ...#####
###....##.#
...###########......##.#
...##....[.....#..>###.#
###...##########...# #.#
#...#..# #v..# #.#
#...##.# ###@..#####
.÷...#.# #lSv...#
.......# #..8†.#..#
..∩....# #.!.....#.#
)......# #.....8...#
.....### #..>......#
#...## #.....8..## #####
#.......## ##..8..##


You could see an adder (ally target) and a frilled lizard.

Vanquished Creatures
  An adder (D:2)
  A ball python (D:1)
  3 bats (D:2)
  An endoplasm (D:1)
  A giant cockroach (D:1)
  7 goblins
  2 hobgoblins (D:1)
  3 quokkas (D:1)
  A frilled lizard (D:2)
  A kobold (D:1)
  4 rats
25 creatures vanquished.

Vanquished Creatures (others)
  74 foxfires
74 creatures vanquished.

Grand Total: 99 creatures vanquished

Notes
Turn   | Place    | Note
-------+----------+-------------------------------------------
     0 | D:1      | kae the Tengu Fire Elementalist began the quest for the
                  | Orb.
     0 | D:1      | Reached XP level 1. HP: 10/10 MP: 4/4
   253 | D:1      | Reached XP level 2. HP: 16/16 MP: 1/6
  1358 | D:2      | Reached XP level 3. HP: 15/20 MP: 4/7
  1361 | D:2      | Learned a level 2 spell: Scorch
  1365 | D:2      | Learned a level 3 spell: Conjure Flame
  1549 | D:2      | Found Esisham's Weapon Shoppe.
  1793 | D:2      | Succumbed to an adder's poison

Illustrated notes

Levels and vault maps discovered:
D:1:      dpeg_arrival_windows_large_door, layout_loops_ring
D:2:      layout_rooms, serial_shops, nicolae_shop_bloodbath_and_beyond,
          grunt_ministairs_9

Skill      XL: |  1  2 |
---------------+-------+-----
Conjurations   | 2 |  2.2
Fighting       | |  0.9
Dodging        | |  2.5
Stealth        | |  2.0
Spellcasting   | |  2.2
Fire Magic     | |  3.9

Action                   || total
-------------------------++-------
Melee: Kick              ||     5
       Unarmed           ||     2
       Dagger            ||    23
       Peck              ||     5
 Cast: Foxfire           ||    51
 Stab: Sleeping          ||     1
Armor: Robe              ||     2
Dodge: Dodged            ||    24

Table legend: (Time is in decaauts)
 A = Elapsed time spent in this place.
 B = Non-inter-level travel time spent in this place.
 C = Inter-level travel time spent in this place.
 D = Time resting spent in this place.
 E = Time spent auto-exploring this place.
 F = Levels seen in this place.
 G = Mean time per level.
                   A        B        C        D        E       F      G
               +--------+--------+--------+--------+--------+-----+--------+
         Total |   1791 |   1736 |     55 |    272 |   1241 |   2 |  895.5 |
       Dungeon |   1791 |   1736 |     55 |    272 |   1241 |   2 |  895.5 |
               +--------+--------+--------+--------+--------+-----+--------+

Top non-repeatable levels by time:
     D:1: 1217 daAuts
     D:2: 574 daAuts
